Map: [ESL] Tropical Sacrifice

Players

ShaDoWn

  • Race: Protoss Protoss
  • Spawn Location: 7:00

DRG - Winner!

  • Race: Zerg Zerg
  • Spawn Location: 1:00

Event: DreamHack SC2 Masters 2022 Valencia

VOD

Have the link to the VOD?

Description

Time

  • Played on: July 2, 2022, 6:50 a.m.
  • Length: 15:36

All games in this series

Show
View Real Time Build Order
Export as new Build Order

ShaDoWn Protoss 

Build Orders: 1 Gate Expand, Oracle Opening 

Get SALT Encoding   

  12  0:00  Probe  
  13  0:15  Pylon  
  13  0:18  Probe (Chrono Boost)  
  14  0:28  Probe (Chrono Boost)  
  15  0:33  Probe (Chrono Boost)  
  16  0:42  Gateway  
  16  0:45  Probe  
  17  0:51  Assimilator  
  17  0:57  Probe  
  18  1:09  Probe  
  19  1:21  Probe  
  20  1:28  Nexus  
  20  1:38  Cybernetics Core  
  20  1:41  Probe  
  20  1:46  Assimilator  
  21  1:53  Probe  
  22  1:57  Pylon  
  22  2:06  Probe (Chrono Boost)  
  23  2:15  Adept  
  26  2:17  Probe (Chrono Boost)  
  26  2:21  Stargate  
  26  2:23  Probe (Chrono Boost)  
  27  2:33  Warp Gate  
  27  2:35  Probe (Chrono Boost)  
  28  2:43  Probe (Chrono Boost)  
  30  2:44  Probe (Chrono Boost)  
  30  2:45  Adept  
  34  2:51  Probe (Chrono Boost)  
  34  2:53  Probe (Chrono Boost)  
  34  2:57  Probe  
  34  3:01  Oracle (Chrono Boost), Probe  
  39  3:09  Probe  
  40  3:13  Probe  
  40  3:18  Pylon  
  41  3:21  Probe  
  41  3:25  Probe, Gateway  
  43  3:31  Oracle  
  46  3:36  Probe  
  46  3:37  Probe  
  48  3:48  Probe  
  49  3:52  Probe  
  49  3:54  Twilight Council  
  49  3:55  Gateway  
  49  3:56  Gateway  
  49  4:03  Probe  
  49  4:08  Pylon  
  49  4:09  Probe  
  51  4:17  Probe  
  52  4:20  Stalker  
  52  4:22  Assimilator  
  54  4:27  Nexus  
  54  4:28  Adept  
  56  4:31  Probe  
  56  4:33  Probe  
  58  4:43  Probe  
  58  4:44  Pylon  
  58  4:45  Probe  
  59  4:48  Adept  
  59  4:49  Resonating Glaives (Chrono Boost)  
  59  4:52  Pylon  
  59  4:55  Probe  
  59  4:57  Probe  
  61  5:03  Adept x3  
  67  5:08  Pylon  
  67  5:11  Adept  
  69  5:18  Probe  
  69  5:20  Pylon, Probe  
  71  5:28  Adept x3  
  77  5:31  Adept  
  77  5:34  Probe (Chrono Boost)  
  81  5:37  Probe (Chrono Boost)  
  81  5:38  Pylon  
  81  5:40  Probe (Chrono Boost)  
  81  5:42  Shield Battery  
  85  5:50  Probe (Chrono Boost)  
  85  5:51  Probe (Chrono Boost), Adept x3  
  85  5:54  Adept  
  85  5:55  Probe (Chrono Boost)  
  93  5:57  Probe  
  93  5:59  Probe  
  95  6:06  Probe  
  95  6:09  Probe  
  97  6:11  Probe  
  97  6:12  Adept  
  97  6:13  Adept x2  
  97  6:14  Adept  
  97  6:18  Probe  
  107  6:19  Blink (Chrono Boost)  
  107  6:21  Probe  
  108  6:27  Pylon  
  108  6:32  Probe  
  97  6:44  Probe  
  89  6:49  Probe  
  89  6:50  Adept x2  
  89  6:51  Probe, Adept x2  
  93  6:57  Probe  
  93  7:01  Oracle, Probe  
  88  7:04  Probe  
  88  7:06  Forge x2  
  92  7:09  Probe  
  92  7:13  Probe  
  94  7:16  Probe  
  94  7:19  Assimilator  
  94  7:20  Assimilator  
  94  7:21  Stalker x4, Probe  
  94  7:22  Nexus  
  104  7:27  Pylon  
  104  7:28  Probe  
  104  7:30  Probe  
  104  7:32  Protoss Ground Weapons Level 1 (Chrono Boost), Protoss Ground Armor Level 1 (Chrono Boost)  
  104  7:34  Probe  
  99  7:42  Gateway  
  99  7:43  Gateway  
  89  7:47  Pylon  
  89  7:49  Pylon  
  89  7:51  Shield Battery  
  89  7:53  Oracle (Chrono Boost), Zealot  
  94  7:59  Stalker x2  
  94  8:02  Stalker  
  100  8:08  Probe  
  100  8:09  Probe  
  100  8:11  Probe  
  102  8:15  Gateway  
  102  8:18  Gateway  
  102  8:20  Stalker, Pylon, Probe  
  102  8:22  Probe  
  102  8:26  Probe  
  107  8:27  Stalker x2  
  107  8:28  Stalker  
  113  8:35  Probe x3  
  113  8:38  Probe  
  117  8:41  Stalker x2  
  117  8:44  Stalker  
  121  8:54  Probe  
  122  8:58  Stalker, Photon Cannon  
  122  9:02  Photon Cannon  
  124  9:06  Stalker x4  
  124  9:08  Probe  
  124  9:09  Probe  
  134  9:21  Stalker x3  
  140  9:27  Shield Battery  
  140  9:30  Gateway  
  140  9:32  Pylon, Gateway  
  140  9:33  Stalker x4  
  140  9:34  Protoss Ground Weapons Level 2 (Chrono Boost)  
  140  9:38  Protoss Ground Armor Level 2 (Chrono Boost)  
  148  9:51  Stalker x4, Pylon  
  143  10:07  Stalker x4  
  131  10:15  Probe x2  
  131  10:16  Stalker x2, Zealot x2  
  131  10:18  Probe  
  136  10:26  Probe  
  135  10:30  Charge (Chrono Boost)  
  135  10:32  Probe, Gateway  
  135  10:34  Adept x3, Gateway  
  135  10:35  Adept  
  144  10:39  Adept x2  
  148  10:46  Probe  
  148  10:47  Nexus  
  148  10:48  Photon Cannon  
  149  10:50  Shield Battery  
  149  10:55  Probe  
  150  11:02  Stalker x5  
  150  11:03  Adept x2  
  164  11:13  Probe  
  164  11:14  Stalker x2  
  164  11:16  Probe  
  166  11:20  Stalker  
  166  11:25  Probe  
  161  11:26  Pylon  
  161  11:30  Stalker x4  
  169  11:33  Photon Cannon  
  169  11:34  Photon Cannon, Pylon  
  169  11:36  Photon Cannon  
  169  11:46  Oracle (Chrono Boost)  
  170  11:47  Zealot x8  
  182  12:01  Stalker x4  
  182  12:07  Adept x3  
  182  12:08  Adept x3  
  183  12:11  Zealot x3  
  189  12:20  Oracle (Chrono Boost)  
  179  12:25  Zealot  
  180  12:32  Zealot x8  
  192  12:40  Zealot  
  192  12:42  Pylon  
  194  12:50  Zealot  
  190  12:52  Stalker x4  
  186  13:01  Zealot x6  
  186  13:04  Probe  
  167  13:07  Zealot x6  
  167  13:08  Probe  
  167  13:11  Probe  
  173  13:13  Probe  
  173  13:16  Probe x2  
  173  13:18  Zealot x4  
  173  13:19  Zealot x2  
  184  13:26  Probe  
  183  13:32  Probe  
  183  13:33  Stalker x6  
  147  13:49  Stalker x4, Zealot x2  
  147  13:51  Probe  
  147  13:54  Probe x3  
  157  13:56  Photon Cannon  
  157  13:58  Zealot x6  
  157  13:59  Shield Battery  
  167  14:09  Zealot  
  169  14:10  Zealot  
  165  14:17  Zealot x4  
  165  14:21  Zealot  
  165  14:22  Zealot x3  
  175  14:27  Gateway  
  173  14:35  Nexus  
  173  14:39  Pylon  
  161  14:51  Stalker, Zealot x2  
  161  14:52  Zealot x5  
  165  15:06  Zealot x2  
  165  15:07  Zealot x2  
  157  15:13  Stalker x3  
  155  15:15  Zealot  
  155  15:21  Zealot  
  116  15:25  Zealot  
Show
View Real Time Build Order
Export as new Build Order

DRG Zerg - Winner!

Build Orders: Hatch First 

Get SALT Encoding   

  12  0:00  Drone  
  13  0:12  Overlord  
  13  0:17  Drone  
  14  0:30  Drone  
  14  0:31  Drone  
  14  0:34  Drone  
  17  0:53  Hatchery  
  17  0:56  Drone  
  17  0:59  Drone  
  17  1:01  Extractor  
  17  1:15  Spawning Pool  
  16  1:19  Drone  
  16  1:21  Drone  
  18  1:29  Drone  
  19  1:39  Drone  
  20  1:50  Drone  
  21  2:01  Overlord  
  21  2:05  Queen, Metabolic Boost  
  21  2:06  Queen  
  25  2:10  Zergling x2  
  26  2:15  Zergling x2  
  26  2:16  Drone  
  26  2:22  Drone  
  29  2:27  Drone  
  30  2:33  Drone  
  31  2:40  Hatchery  
  31  2:43  Drone  
  31  2:48  Queen  
  33  2:52  Overlord  
  33  2:55  Drone  
  33  2:58  Drone  
  35  3:01  Drone  
  35  3:05  Overlord  
  36  3:10  Queen  
  38  3:15  Drone  
  38  3:17  Drone x2  
  38  3:19  Drone  
  42  3:21  Drone  
  42  3:22  Drone  
  44  3:28  Queen  
  44  3:31  Drone  
  44  3:33  Drone  
  48  3:40  Overlord  
  48  3:51  Queen  
  48  3:52  Overlord  
  48  3:54  Spore Crawler  
  48  3:55  Drone x3  
  52  3:57  Queen  
  52  4:02  Drone  
  55  4:05  Drone  
  55  4:06  Drone  
  55  4:08  Drone  
  58  4:13  Zergling x4  
  58  4:15  Overlord  
  60  4:18  Drone  
  60  4:20  Drone  
  60  4:22  Drone  
  63  4:26  Baneling Nest  
  63  4:28  Evolution Chamber  
  61  4:32  Drone x2  
  61  4:34  Drone x2  
  61  4:37  Drone x2  
  67  4:39  Drone  
  67  4:42  Zergling x4  
  69  4:45  Drone x3  
  69  4:48  Drone  
  69  4:52  Overlord  
  71  4:58  Drone x2  
  73  5:00  Zerg Melee Weapons Level 1  
  73  5:02  Overlord  
  73  5:04  Spore Crawler  
  73  5:05  Drone  
  73  5:06  Overlord  
  73  5:16  Zergling x8  
  73  5:17  Zergling x2  
  73  5:18  Hatchery  
  77  5:22  Zergling x12  
  82  5:29  Lair  
  82  5:32  Spore Crawler  
  82  5:34  Zergling x2  
  82  5:35  Zergling x12  
  88  5:41  Roach Warren  
  87  5:46  Drone  
  87  5:47  Drone x4  
  87  5:49  Drone x3  
  95  5:50  Extractor  
  95  5:51  Extractor  
  95  5:52  Extractor  
  95  5:53  Baneling x5  
  92  6:00  Drone x6  
  92  6:03  Overlord  
  98  6:04  Overlord  
  98  6:09  Zergling x2  
  98  6:10  Overlord x2  
  97  6:12  Spine Crawler  
  97  6:14  Spine Crawler  
  97  6:17  Zergling x6  
  98  6:19  Baneling x3  
  98  6:22  Baneling  
  98  6:23  Zergling x8  
  102  6:29  Zergling x6  
  102  6:35  Zergling x6  
  86  6:41  Zergling x10  
  86  6:43  Queen x2  
  86  6:45  Zergling x4  
  88  6:49  Zergling x2  
  88  6:50  Zergling x6  
  87  6:54  Zergling x2  
  87  6:55  Zergling x4  
  87  7:01  Zergling x6  
  87  7:05  Zergling x2  
  83  7:11  Drone x2  
  83  7:21  Drone x5  
  86  7:30  Drone x2  
  86  7:33  Drone x4  
  86  7:36  Zerg Melee Weapons Level 2  
  89  7:38  Drone  
  89  7:39  Drone  
  89  7:43  Drone x3  
  92  7:48  Drone x3  
  95  7:51  Drone x3  
  95  7:55  Glial Reconstitution  
  98  7:59  Zergling x8  
  98  8:03  Drone  
  102  8:05  Evolution Chamber  
  102  8:06  Roach x3  
  107  8:18  Roach x6  
  119  8:25  Overlord x4  
  119  8:31  Zergling x14  
  119  8:32  Centrifugal Hooks  
  126  8:36  Zergling x6  
  126  8:38  Overlord  
  129  8:44  Overlord  
  126  8:50  Drone x2  
  126  8:51  Spore Crawler, Drone  
  126  8:52  Zergling x14  
  132  8:58  Zergling x2  
  132  8:59  Baneling x8  
  132  9:01  Zergling x8  
  137  9:07  Roach x4  
  137  9:08  Zergling x8  
  140  9:11  Overlord  
  140  9:17  Drone x2  
  140  9:22  Zergling x10  
  143  9:27  Zergling x6  
  146  9:31  Hatchery  
  146  9:32  Infestation Pit, Zergling x12  
  146  9:34  Pneumatized Carapace  
  146  9:37  Zergling x10  
  155  9:43  Roach  
  155  9:44  Overlord  
  157  9:46  Zergling x6  
  157  9:50  Zergling x2  
  157  9:52  Baneling x5  
  154  10:01  Zergling x20  
  154  10:07  Zergling x4  
  160  10:11  Roach x4  
  160  10:13  Zergling x4  
  149  10:15  Hive  
  149  10:18  Roach x3  
  149  10:26  Zergling x12  
  151  10:29  Zergling x2  
  151  10:30  Zergling x4  
  151  10:34  Zergling x6  
  157  10:36  Roach x2  
  157  10:40  Zergling x2  
  160  10:43  Zergling x2  
  160  10:46  Zerg Missile Weapons Level 1, Zerg Ground Armor Level 1  
  160  10:49  Queen, Drone x3  
  166  10:52  Overlord  
  166  10:53  Zergling x2  
  166  10:54  Zergling x4  
  170  10:57  Zergling x14  
  170  10:59  Baneling  
  170  11:00  Baneling x6  
  170  11:02  Overlord x2  
  176  11:04  Zergling x12  
  176  11:06  Spore Crawler  
  176  11:07  Drone  
  179  11:14  Zergling x4  
  176  11:19  Zergling x8  
  176  11:23  Zergling x8  
  183  11:27  Zergling x10  
  183  11:29  Adrenal Glands  
  183  11:32  Zergling x16  
  195  11:37  Baneling x11  
  195  11:39  Zergling x8  
  197  11:43  Zergling x6  
  196  11:49  Zergling x4  
  196  11:52  Zergling x4  
  195  12:02  Zergling x2  
  195  12:03  Zergling x12  
  195  12:06  Zergling x4  
  197  12:11  Zergling x14  
  197  12:12  Zergling x8  
  192  12:15  Zergling x2  
  192  12:16  Zergling x4  
  192  12:20  Zergling x6  
  188  12:27  Zergling x14  
  189  12:30  Zergling x4  
  189  12:31  Zergling x10  
  187  12:37  Baneling x12  
  187  12:38  Zergling x12  
  187  12:40  Zerg Melee Weapons Level 3  
  187  12:42  Zergling x4  
  193  12:49  Zergling x10  
  193  12:51  Hatchery  
  193  12:56  Zergling x8  
  166  13:06  Zergling x14  
  166  13:11  Zergling x18  
  170  13:14  Zerg Ground Armor Level 2  
  167  13:20  Zergling x16  
  167  13:26  Zergling x12  
  181  13:31  Zergling x2  
  181  13:32  Zergling x6  
  170  13:35  Zergling x4  
  170  13:41  Zergling x4  
  161  13:45  Zergling x8  
  161  13:48  Zergling x12  
  154  13:50  Zergling x6  
  154  13:53  Zergling x2  
  154  13:55  Roach x7  
  162  13:56  Baneling x11  
  162  13:57  Zergling x4  
  162  14:01  Zergling x2  
  165  14:04  Zergling x4  
  165  14:05  Queen  
  169  14:10  Zergling x6  
  169  14:12  Baneling x10  
  169  14:13  Baneling x2, Zergling x2  
  169  14:16  Zergling x8  
  176  14:21  Zergling x8  
  179  14:26  Zergling x10  
  179  14:29  Zergling x6  
  184  14:37  Zergling x2  
  184  14:38  Zergling x10  
  190  14:44  Zergling x14  
  189  14:52  Zergling x18  
  196  14:56  Zergling x4  
  191  15:02  Zergling x14  
  191  15:05  Zergling x4  
  190  15:11  Zergling x8  
  180  15:18  Zergling x8  

Tags
 
Add a new tag
Caveats
  • Supply blocks, unpowered buildings, or Contaminate may cause inaccurate times.
  • Supply counts are checked every 10 seconds.